 Dungeon Crawl Stone Soup version 0.30.0-7-g0c4daa9e05 (webtiles) character file.

Game seed: 11602799158860834930

3005 Jarnaxa the Slasher (level 9, 0/72 HPs)
             Began as a Demonspawn Monk on May 13, 2023.
             Was an Elder of Cheibriados.
             Killed from afar by Erica (5 damage)
             ... with a bolt of poison
             ... on level 8 of the Dungeon.
             The game lasted 00:12:06 (6335 turns).

Jarnaxa the Slasher (Demonspawn Monk)               Turns: 6335, Time: 00:12:06

Health: 0/72       AC: 21    Str: 26    XL:     9   Next: 54%
Magic:  13/13      EV: 10    Int: 22    God:    Cheibriados [****..]
Gold:   438        SH:  6    Dex: 25    Spells: 8/8 levels left

rFire   . . .        a - +2 falchion
rCold   . . .        i - +0 buckler
rNeg    . . .        w - +1 plate armour {Will+}
rPois   +            o - +0 helmet
rElec   .            u - +2 cloak {rCorr}
rCorr   +            d - +0 pair of gloves
SInv    .            (no boots)
Will    +....        (no amulet) Stlth
                     l - ring of poison resistance
HPRegen 0.32/turn    g - ring of flight
MPRegen 0.13/turn

%: no passive effects
@: mighty, flying, very slow
A: rugged brown scales 2, foul stench 1, spiny 1
a: Renounce Religion, Bend Time, Temporal Distortion, Slouch


You were on level 8 of the Dungeon.
You worshipped Cheibriados.
Cheibriados was greatly pleased with you.
You visited 1 branch of the dungeon, and saw 8 of its levels.

You collected 438 gold pieces.

Inventory:

Hand Weapons
 a - a +2 falchion (weapon)
Armour
 d - a +0 pair of gloves (worn)
 i - a +0 buckler (worn)
 o - a +0 helmet (worn)
 u - a +2 cloak of preservation (worn)
 w - a +1 plate armour of willpower (worn)
Jewellery
 g - a ring of flight (right hand)
 l - a ring of poison resistance (left hand)
Wands
 j - a wand of flame (12)
 s - a wand of quicksilver (12)
 t - a wand of digging (10)
Scrolls
 e - 4 scrolls of teleportation
 f - 3 scrolls of fear
 v - 2 scrolls of identify
 x - a scroll of silence
Potions
 b - a potion of resistance
 c - 3 potions of ambrosia
 k - 2 potions of brilliance {unknown}
 m - a potion of magic {unknown}
 n - 2 potions of attraction
 p - 5 potions of curing
 q - 3 potions of mutation
 r - a potion of haste {unknown}


   Skills:
 + Level 5.8 Fighting
 + Level 7.6 Long Blades
 + Level 5.6 Armour
 + Level 4.5 Dodging
 + Level 1.5 Stealth
 + Level 2.8 Shields
 * Level 5.6 Invocations


You had 8 spell levels left.
You didn't know any spells.
Your spell library contained the following spells:

 Spells                   Type           Power      Damage    Failure   Level
 Slow                     Hex            0%         N/A       94%         1
 Ensorcelled Hibernation  Hex/Ice        0%         N/A       98%         2
 Passwall                 Tmut/Erth      0%         N/A       98%         2
 Scorch                   Fire           0%         2d5       98%         2
 Confusing Touch          Hex            0%         N/A       100%        3
 Ozocubu's Armour         Ice            0%         N/A       100%        3
 Swiftness                Air            0%         N/A       100%        3
 Vampiric Draining        Necr           0%         2d6       100%        3
 Vhi's Electric Charge    Tloc/Air       0%         N/A       100%        3
 Flame Wave               Conj/Fire      0%         2d4       100%        4
 Summon Ice Beast         Ice/Summ       0%         N/A       100%        4
 Arcjolt                  Conj/Air       0%         1d10      100%        5
 Metabolic Englaciation   Hex/Ice        0%         N/A       100%        5
 Summon Mana Viper        Hex/Summ       0%         N/A       100%        5
 Plasma Beam              Fire/Air       0%         2x1d11    100%        6
 Simulacrum               Ice/Necr       0%         N/A       100%        6
 Summon Cactus Giant      Summ           0%         N/A       100%        6
 Monstrous Menagerie      Summ           0%         N/A       100%        7


Dungeon Overview and Level Annotations

Branches:
Dungeon (8/15)             Temple (0/1) D:5            Lair (0/5) D:8

Altars:
Ashenzari
Cheibriados
Dithmenos
Fedhas
Gozag
Kikubaaqudgha
Makhleb
Okawaru
Trog
Xom
Yredelemnul

Shops:
D:1 [   D:4 *

Annotations:
D:4 1 runed translucent door
D:8 Erica


Innate Abilities, Weirdness & Mutations

You are mostly covered in rugged brown scales. (AC +2, +5% HP)
You may rarely emit foul miasma when damaged in melee.
You are partially covered in sharp spines.


Message History

The bullfrog croaks.
The bullfrog closely misses you.
Erica the Fiery-Tempered comes into view.
She is wielding a +3 scimitar of flaming.
The bullfrog is struck by your spines.
The bullfrog hits you but does no damage.
The bullfrog is struck by your spines.
The bullfrog hits you but does no damage.
Erica shouts!
You slash the bullfrog!
You kill the bullfrog!
Cheibriados thoroughly appreciates the change of pace.
Erica points at you and mumbles some strange words.
The lance of force hits you!
You are knocked back by the lance of force.
You slam into the rock wall!
Erica closely misses you.
You slash Erica!
Erica is lightly wounded.
Erica screams, "Do you want it fast or slow?!"
Erica mumbles some strange words.
Erica flickers and vanishes!
Deactivating autopickup; reactivate with Ctrl-A.
You hit something. Something hits you. Something burns you.
You slash something! Something hits you! Something burns you.
You feel very mighty all of a sudden.
You hear some strange, mumbled words.
A bolt of poison appears from out of thin air!
The bolt of poison hits you but does no damage.
You resist.
You closely miss something. Something hits you! Something burns you.
* * * LOW HITPOINT WARNING * * *
You slice something!! Something hits you but does no damage.
You miss something. Something hits you!
* * * LOW HITPOINT WARNING * * *
Something burns you.
* * * LOW HITPOINT WARNING * * *
You miss something.
You hear some strange, mumbled words.
A bolt of poison appears from out of thin air!
The bolt of poison hits you. You resist.
You die...

# # .# # .# ####
#.#### #>. ... .....
#.# .... ...# #.##
#..####...# ...####.#
#.....{...#.##
........#
#..###@.......
...#####
#..##.#.#.#.#.
#.#########..#.##.#...
................)...#
#.#########..#.##.##..
#... .................
##### ######.###......
###.............##
#####...........#.#.#


There were no monsters in sight!

Vanquished Creatures
  Maurice (D:8)
  Maggie (D:6)
  Edmund (D:6)
  3 water moccasins
  2 orc warriors
  2 sky beasts (D:7)
  A centaur (D:5)
  2 ogres
  2 kobold brigands (D:7)
  4 bullfrogs
  A scorpion (D:5)
  The ghost of FelidPro the Sneak, an amateur FeAE (D:4)
  2 electric eels (D:6)
  A vampire bat (D:6)
  A howler monkey (D:8)
  2 jellies
  3 orc priests
  2 gnoll boudas (D:5)
  3 hounds
  An iguana (D:5)
  3 orc wizards
  Robin (D:4)
  9 gnolls (D:5)
  8 adders
  A shadow imp (D:6)
  2 white imps
  An ufetubus (D:5)
  A worm (D:4)
  2 dart slugs (D:3)
  12 orcs
  2 bats
  3 bat skeletons (D:6)
  3 bat zombies (D:6)
  3 endoplasms
  4 giant cockroaches
  13 goblins
  8 hobgoblins
  10 jackals
  3 quokkas
  6 ball pythons
  A frilled lizard (D:3)
  17 kobolds
  2 rats
151 creatures vanquished.

Notes
Turn   | Place    | Note
-------+----------+-------------------------------------------
     0 | D:1      | Jarnaxa the Demonspawn Monk began the quest for the Orb.
     0 | D:1      | Reached XP level 1. HP: 18/18 MP: 1/1
    15 | D:1      | Found Pegazal's Armour Shop.
   199 | D:1      | Gained mutation: You are partially covered in sharp spines.
                  | [demonic ancestry]
   199 | D:1      | Reached XP level 2. HP: 9/24 MP: 2/2
   896 | D:2      | Reached skill level 3 in Long Blades
   896 | D:2      | Reached XP level 3. HP: 27/29 MP: 3/3
  1052 | D:2      | Gained mutation: You are partially covered in rugged brown
                  | scales. (AC +1, +3% HP) [demonic ancestry]
  1052 | D:2      | Reached XP level 4. HP: 24/37 MP: 4/4
  1465 | D:3      | Found a shadowy altar of Dithmenos.
  1466 | D:3      | Found a faded altar of an unknown god.
  1489 | D:3      | Reached skill level 1 in Armour
  1498 | D:3      | Reached skill level 1 in Stealth
  1765 | D:3      | Reached XP level 5. HP: 32/43 MP: 5/5
  1995 | D:3      | Identified a scroll of acquirement
  1995 | D:3      | Acquired a +2 pair of boots of rampaging
  2009 | D:4      | Noticed Robin
  2037 | D:4      | Killed Robin
  2154 | D:4      | Found Bivi's General Store.
  2159 | D:4      | Found a shimmering altar of Xom.
  2159 | D:4      | Found a snail-covered altar of Cheibriados.
  2174 | D:4      | Became a worshipper of Cheibriados the Contemplative
  2174 | D:4      | Reached * piety under Cheibriados
  2174 | D:4      | Reached ** piety under Cheibriados
  2252 | D:4      | Found a runed translucent door.
  2253 | D:4      | Noticed FelidPro's ghost (amateur FeAE)
  2267 | D:4      | Reached skill level 4 in Long Blades
  2371 | D:4      | Found a runed translucent door.
  2405 | D:4      | Gained mutation: You may rarely emit foul miasma when
                  | damaged in melee. [demonic ancestry]
  2405 | D:4      | Reached XP level 6. HP: 46/49 MP: 6/6
  2475 | D:4      | Found an iron altar of Okawaru.
  2915 | D:4      | Killed FelidPro's ghost
  2968 | D:5      | Entered Level 5 of the Dungeon
  3117 | D:5      | Reached skill level 1 in Shields
  3122 | D:5      | Reached XP level 7. HP: 20/55 MP: 7/7
  3280 | D:5      | Found a staircase to the Ecumenical Temple.
  3287 | D:5      | Reached *** piety under Cheibriados
  3319 | D:5      | Reached skill level 5 in Long Blades
  3750 | D:5      | Reached skill level 1 in Invocations
  4085 | D:6      | Noticed Maggie
  4089 | D:6      | Noticed Edmund
  4102 | D:6      | Killed Maggie
  4103 | D:6      | Reached XP level 8. HP: 24/62 MP: 7/9
  4108 | D:6      | Killed Edmund
  4109 | D:6      | Reached skill level 6 in Long Blades
  4336 | D:6      | Reached skill level 5 in Fighting
  5016 | D:6      | Found an ancient bone altar of Kikubaaqudgha.
  5202 | D:7      | Reached **** piety under Cheibriados
  5209 | D:7      | Reached skill level 5 in Armour
  5209 | D:7      | Gained mutation: You are mostly covered in rugged brown
                  | scales. (AC +2, +5% HP) [demonic ancestry]
  5209 | D:7      | Reached XP level 9. HP: 47/71 MP: 12/12
  5323 | D:7      | Found an opulent altar of Gozag.
  5343 | D:7      | Reached skill level 7 in Long Blades
  5627 | D:7      | Found a basalt altar of Yredelemnul.
  5628 | D:7      | Found a blossoming altar of Fedhas.
  5628 | D:7      | Found a burning altar of Makhleb.
  5630 | D:7      | Found a bloodstained altar of Trog.
  5763 | D:7      | Found a broken altar of Ashenzari.
  5944 | D:8      | Found a staircase to the Lair.
  6022 | D:8      | Noticed Maurice
  6037 | D:8      | Killed Maurice
  6038 | D:8      | Reached skill level 5 in Invocations
  6324 | D:8      | Noticed Erica
  6335 | D:8      | Killed from afar by Erica

Illustrated notes

Levels and vault maps discovered:
D:1:      ebering_hopf_link, layout_basic, serial_shops, shop
D:2:      wad_pebble_path, layout_basic, minmay_misc_feat_x
D:3:      layout_rooms, mainiacjoe_overflow_tiny_flanked, basic_ecumenical_altar
D:4:      layout_gridville, chequers_temple_overflow_statue_of_worship,
          lemuel_doored_altar, ebering_ghost_sewer_f,
          chequers_serial_rivers_room_b, nicolae_inconvenience_store,
          minivault_5, uniq_robin
D:5:      layout_rooms, temple_fountains
D:6:      layout_cave_pools, kennysheep_vampire_church, kennysheep_doodads,
          uniq_edmund, uniq_maggie
D:7:      layout_cave_pools, ashenzari_altar_1,
          mainiacjoe_overflow_cross_hatched, minitemple, minivault_24,
          nrook_mini_backslash
D:8:      layout_loops_ring, mainiacjoe_overflow_brackets, lair_entry_dummy,
          uniq_erica, uniq_maurice, uniq_prince_ribbit1

Skill      XL: |  1  2  3  4  5  6  7  8  9 |
---------------+----------------------------+-----
Dodging        | 3 4 |  4.5
Long Blades    | 3 4 5 6 7 |  7.6
Armour         | 1 2 4 5 |  5.6
Stealth        | 1 |  1.5
Fighting       | 4 5 |  5.8
Shields        | 1 2 |  2.8
Invocations    | 2 4 5 |  5.6

Action                     |  1- 3 |  4- 6 |  7- 9 || total
---------------------------+-------+-------+-------++-------
  Melee: Falchion          |    51 |    96 |   210 ||   357
    Use: Scroll            |     3 |    11 |     7 ||    21
         Potion            |       |       |     3 ||     3
 Armour: Robe              |     2 |       |       ||     2
         Ring mail         |     7 |    62 |    12 ||    81
         Skin              |       |       |    17 ||    17
         Plate armour      |       |       |    75 ||    75
  Dodge: Dodged            |    42 |    67 |    88 ||   197
  Block: Buckler           |     4 |    23 |    59 ||    86
